 Dungeon Crawl Stone Soup version 0.26-a0-712-ga5a9c9c9d0 (webtiles) character file.

Game seed: 14019541178261171842

(classic levelgen) 34785 EnegeticOcto the Severer (level 13, 126/126 HPs)
             Began as a Deep Dwarf Fighter on Nov 3, 2020.
             Was the Champion of Makhleb.
             Quit the game on level 5 of the Dungeon.
             The game lasted 00:08:07 (7950 turns).

EnegeticOcto the Severer (Deep Dwarf Fighter)       Turns: 7950, Time: 00:08:07

Health: 126/126    AC: 21    Str: 30    XL:     13   Next: 44%
Magic:  2/2        EV:  6    Int: 10    God:    Makhleb [******]
Gold:   95         SH: 13    Dex: 18    Spells: 12/12 levels left

rFire    . . .     SeeInvis +   a - +2 broad axe
rCold    . . .     Faith    +   c - +0 kite shield
rNeg     . . .     Spirit   .   N - +1 plate armour "Ixkis" {Str+6 SInv}
rPois    .         Reflect  .   q - +2 helmet
rElec    .         Harm     .   x - scarf {+Inv}
rCorr    .         Rampage  .   i - +0 pair of gloves
MR       +....                  f - +0 pair of boots
Stlth    ..........             g - amulet "Qolaytwi" {Faith Dex+6}
HPRegen  0.00/turn              y - ring of wizardry
MPRegen  0.08/turn              (no ring)

@: non-regenerating
A: damage resistance, heal wounds, sense surroundings 2, no regeneration
a: Heal Wounds, Minor Destruction, Lesser Servant of Makhleb, Major Destruction,
Greater Servant of Makhleb, Renounce Religion, Evoke Invisibility


You were on level 5 of the Dungeon.
You worshipped Makhleb.
Makhleb was exalted by your worship.
You visited 2 branches of the dungeon, and saw 14 of its levels.
You also visited: Bailey.

You collected 784 gold pieces.
You spent 689 gold pieces at shops.

Inventory:

Hand Weapons
 a - a +2 broad axe (weapon)
Missiles
 b - 2 throwing nets (quivered)
Armour
 c - a +0 kite shield (worn)
 f - a +0 pair of boots (worn)
 i - a +0 pair of gloves (worn)
 l - a +0 plate armour
 q - a +2 helmet (worn)
 r - a +0 chain mail
 x - a scarf of invisibility (worn)
 N - the +1 plate armour "Ixkis" (worn) {Str+6 SInv}
   (You bought it in a shop on level 4 of the Dungeon)

   It affects your strength (+6).
   It lets you see invisible.
Jewellery
 g - the amulet "Qolaytwi" (around neck) {Faith Dex+6}
   (You took it off a gnoll on level 6 of the Dungeon)

   [amulet of faith]

   It allows you to gain divine favour quickly.
   It affects your dexterity (+6).
 y - a ring of wizardry (left hand)
 G - an uncursed ring of fire
Wands
 j - a wand of paralysis (7)
 C - a wand of enslavement (16)
 F - a wand of iceblast (5) {@v2}
 I - a wand of disintegration (8)
 J - a wand of digging (7) {@v3}
 K - a wand of acid (1) {@v1}
Scrolls
 e - 4 scrolls of remove curse {@r2}
 m - 9 scrolls of teleportation {@r3}
 o - 8 scrolls of identify {@r1}
 t - 2 scrolls of enchant armour
 u - 5 scrolls of blinking
 B - 3 scrolls of magic mapping {@r5}
 D - a scroll of immolation {@r4}
 H - 2 scrolls of fear
 M - a scroll of random uselessness {unknown}
Potions
 d - 5 potions of might {@q3}
 h - a potion of haste {@q4}
 k - 2 potions of mutation
 n - a potion of flight {unknown}
 p - 2 potions of stabbing
 s - a potion of cancellation
 v - 3 potions of heal wounds {@q2}
 w - 2 potions of magic
 z - 5 potions of curing {@q1}
 A - a potion of ambrosia
 E - 2 potions of degeneration
 L - a potion of invisibility {unknown}


   Skills:
 + Level 10.8 Fighting
 * Level 15.2 Axes
 + Level 9.0 Armour
 + Level 9.0 Shields
 * Level 12.3 Invocations


You had 12 spell levels left.
You didn't know any spells.
Your spell library was empty.

Dungeon Overview and Level Annotations

Branches:
Dungeon (13/15)            Temple (1/1) D:4            Lair (0/6) D:8
    Orc (0/2) D:12         Bailey (visited)
 Vaults: D:13-14

Altars:
Dithmenos
Elyvilon
Hepliaklqana
Kikubaaqudgha
Makhleb
Nemelex Xobeh
Okawaru
Qazlal
Ru
Sif Muna
Uskayaw
Vehumet
Xom
Yredelemnul
Zin
The Shining One

Shops:
D:4 [?   D:5 *!(?   D:12 =}=!?

Portals:
Trove: D:11 (give +4 demon trident)

Annotations:
D:10 exclusion: ice statue


Innate Abilities, Weirdness & Mutations

You are resistant to damage.
You can heal yourself by infusing magical energy.
You passively map the area around you.
You do not regenerate.


Message History

No target in view!
No target in view!
Items here: ( )) [ ††.
There is an open door, spattered with blood here.
You see here a yak corpse.
Things that are here:
a yak corpse; a yak corpse
There is an open door, spattered with blood here.
You see here a yak corpse.
Items here: ( )) [ ††.
There is a fountain of clear blue water here.
There is a fountain of clear blue water here.
t - 2 scrolls of enchant armour (gained 1)
You see here a ring mail.
o - 8 scrolls of identify {@r1} (gained 1)
You see here a ring mail.
There is a fountain of clear blue water here.
You see here a leather armour.
H - 2 scrolls of fear (gained 1)
You now have 739 gold pieces (gained 20).
m - 9 scrolls of teleportation {@r3} (gained 1)
M - a scroll labeled PUOGHAS YPSEO
Items here: ( )) [ ††.
There is an open door, spattered with blood here.
You see here a yak corpse.
You see here a +0 giant spiked club.
Things that are here:
a cursed -2 dagger; a +0 robe
There is an open door here.
You see here a large rock.
You see here 3 large rocks.
Done exploring.
Done exploring.
No target in view!
Done exploring.
Done exploring.
Done exploring.
No target in view!
No target in view!
No target in view!
No target in view!
No target in view!
No target in view!
No target in view!
No target in view!
No target in view!
No target in view!
No target in view!
No target in view!
No target in view!
No target in view!
No target in view!
There is a stone staircase leading up here.
You climb upwards.
Level annotation: exclusion: ice statue
There is a stone staircase leading down here.
There is a stone staircase leading up here.
You climb upwards.
There is a stone staircase leading down here.
There is a stone staircase leading up here.
You climb upwards.
There is a stone staircase leading down here.
You open the door.
There is an open door here.
There is a stone staircase leading up here.
You climb upwards.
There is a stone staircase leading down here.
There is a stone staircase leading up here.
You climb upwards.
There is a stone staircase leading down here.
You see here 23 stones.
There is a stone staircase leading up here.
You climb upwards.
There is a stone staircase leading down here.
There is a stone staircase leading up here.
You climb upwards.
There is a stone staircase leading down here.
There is an entrance to Cyqa's Antique Armour Emporium here.
You can access your shopping list by pressing '$'.
N - a fine plate armour Thank you for shopping at Cyqa's Antique Armour Emporium!
You can access your shopping list by pressing '$'.
You start removing your armour.
You continue taking off your +0 plate armour. x4
You finish taking off your +0 plate armour.
You start putting on your armour.
You continue putting on your fine plate armour. x5
You finish putting on the +1 plate armour "Ixkis" {Str+6 SInv}.
You feel stronger.
Done exploring.
Done exploring.
Unknown command.
(D) Dungeon (T) Temple (L) Lair (O) Orcish Mines
Where to? (Enter - D:4 @ (x,y), ? - help)
There is a stone staircase leading down here.
You climb downwards.
There is a stone staircase leading up here.
You are a level 13 Deep Dwarf Fighter.
You are 44% of the way to level 14.
Play time: 00:08:05 (7950 turns) Are you sure you want to abandon this character and quit the game? (Confirm with "yes".)

#..# #.##.#...........# #..#
#.##.#.###.#####.#
#..#########.##.#.###.#####.###
#....................<.........
##.#######...#...........######
#.# ##.....##########.......
#.#####.......# ########
#.............# #######......@#
##.....## ##...## #####


There were no monsters in sight!

Vanquished Creatures
  An orc warlord (Bailey)
  Erolcha (D:12)
  A hydra (D:11)
  2 boulder beetles
  A centaur warrior (D:11)
  A two-headed ogre (D:10)
  Urug (D:13)
  An unseen horror (D:10)
  2 orc knights
  Pikel (D:9)
  2 cyclopes
  4 ugly things
  A gargoyle (D:12)
  Joseph (D:9)
  A centaur skeleton (D:10)
  2 meliai (D:13)
  3 trolls
  Sigmund (D:4)
  A wraith (D:11)
  20 yaks
  A steam dragon (D:11)
  3 water moccasins
  4 sky beasts
  A hornet zombie (D:8)
  4 black bears
  A necrophage (D:9)
  3 ice beasts
  6 orc warriors
  A phantom (D:6)
  4 centaurs
  3 ogres
  3 lemures (D:9)
  5 big kobolds (D:5)
  7 bullfrogs
  Blork the orc (D:9)
  3 gnoll sergeants (D:9)
  2 wyvern skeletons
  5 scorpions
  23 killer bees
  10 wights
  A howler monkey (D:11)
  2 bullfrog zombies
  5 hounds
  3 jellies
  3 orc priests
  2 iguanas
  2 bullfrog skeletons
  A gnoll shaman (D:6)
  Terence (D:3)
  10 orc wizards
  3 worker ants
  A killer bee zombie (D:10)
  10 gnolls
  11 adders
  A shadow imp (D:7)
  3 white imps
  2 ufetubi (D:10)
  An adder zombie (D:6)
  A worm (D:6)
  A dart slug (D:1)
  5 leopard geckos
  45 orcs
  A giant cockroach (D:1)
  33 goblins
  23 hobgoblins
  14 jackals
  5 quokkas
  4 frilled lizards
  A jackal skeleton (D:7)
  A jackal zombie (D:5)
  12 kobolds
  A leopard gecko skeleton (D:4)
  A quokka skeleton (D:8)
  A quokka zombie (D:5)
  2 rats
351 creatures vanquished.

Vanquished Creatures (collateral kills)
  Jorgrun (D:13)
  An ugly thing (D:13)
  A gargoyle (D:13)
  A troll (D:13)
  A meliai (D:13)
  A wraith (D:11)
  2 yaks (D:11)
  A basilisk (shapeshifter) (D:13)
  2 phantoms (D:13)
  A bullfrog (D:11)
  2 bullfrog zombies (D:13)
  An orc priest (D:13)
  An iguana (D:13)
  2 orcs
18 creatures vanquished.

Vanquished Creatures (others)
  25 fungi (D:8)
  18 plants (D:8)
43 creatures vanquished.

Grand Total: 412 creatures vanquished

Notes
Turn   | Place    | Note
-------+----------+-------------------------------------------
     0 | D:1      | EnegeticOcto the Deep Dwarf Fighter began the quest for the
                  | Orb.
     0 | D:1      | Reached XP level 1. HP: 20/20 MP: 1/1
   407 | D:1      | Reached XP level 2. HP: 12/27 MP: 2/2
   556 | D:2      | Reached skill level 3 in Axes
   556 | D:2      | Reached XP level 3. HP: 25/33 MP: 3/3
   627 | D:3      | Noticed Terence
   636 | D:3      | Killed Terence
   688 | D:3      | Noticed a sky beast
   719 | D:3      | Killed a sky beast
   719 | D:3      | Reached skill level 4 in Axes
   719 | D:3      | Reached XP level 4. HP: 42/42 MP: 4/4
   719 | D:3      | Reached XP level 5. HP: 49/49 MP: 5/5
   865 | D:4      | Found Hoabi's Magic Scroll Boutique.
   909 | D:4      | Bought a scroll of magic mapping for 45 gold pieces
   932 | D:4      | Noticed Sigmund
   940 | D:4      | Reached XP level 6. HP: 37/57 MP: 4/4
   963 | D:4      | Killed Sigmund
   963 | D:4      | Reached skill level 5 in Axes
  1003 | D:4      | Found Cyqa's Antique Armour Emporium.
  1026 | D:4      | Found a staircase to the Ecumenical Temple.
  1032 | Temple   | Entered the Ecumenical Temple
  1079 | Temple   | Became a worshipper of Makhleb the Destroyer
  1463 | D:5      | Entered Level 5 of the Dungeon
  1501 | D:5      | Found Bumafag's Antique Weapon Shoppe.
  1522 | D:5      | Reached XP level 7. HP: 27/64 MP: 4/4
  1608 | D:5      | Found Gahagh's Distillery.
  1632 | D:5      | Reached skill level 1 in Invocations
  1721 | D:5      | Found Mujelei Baas's Magic Scroll Shoppe.
  2099 | D:5      | Reached skill level 5 in Armour
  2104 | D:5      | Reached * piety under Makhleb
  2112 | D:5      | Reached skill level 5 in Shields
  2120 | D:5      | Reached skill level 6 in Axes
  2226 | D:5      | Reached XP level 8. HP: 49/73 MP: 4/4
  2342 | D:5      | Reached ** piety under Makhleb
  2480 | D:5      | Found Qyuk's General Store.
  2675 | D:6      | Reached skill level 7 in Axes
  2683 | D:6      | Reached skill level 5 in Invocations
  2745 | D:6      | Identified the amulet "Qolaytwi" {Faith Dex+6}
  3044 | D:7      | Reached skill level 5 in Fighting
  3111 | D:7      | Gained mutation: You passively map the area around you.
                  | [Deep Dwarf growth]
  3111 | D:7      | Reached XP level 9. HP: 63/81 MP: 5/5
  3115 | D:7      | Found a flagged portal.
  3122 | Bailey   | Entered a bailey
  3127 | Bailey   | Noticed an orc warlord
  3182 | Bailey   | Noticed an orc knight
  3209 | Bailey   | Killed an orc knight
  3209 | Bailey   | Reached skill level 8 in Axes
  3224 | Bailey   | Found a runed translucent gate.
  3240 | Bailey   | Found a runed translucent gate.
  3242 | Bailey   | Found a runed translucent gate.
  3252 | Bailey   | Reached *** piety under Makhleb
  3325 | Bailey   | Killed an orc warlord
  3325 | Bailey   | Reached skill level 9 in Axes
  3385 | D:7      | Reached skill level 13 in Axes
  3385 | D:7      | Reached XP level 10. HP: 91/91 MP: 6/6
  3386 | D:7      | Reached XP level 11. HP: 108/108 MP: 7/7
  3913 | D:8      | Found a staircase to the Lair.
  4098 | D:8      | Reached XP level 12. HP: 116/116 MP: 8/8
  4511 | D:8      | Reached **** piety under Makhleb
  4752 | D:9      | Noticed Joseph
  4764 | D:9      | Reached skill level 10 in Fighting
  4779 | D:9      | Noticed Blork the orc
  4787 | D:9      | Killed Joseph
  4793 | D:9      | Killed Blork the orc
  5071 | D:9      | Reached ***** piety under Makhleb
  5071 | D:9      | Reached skill level 14 in Axes
  5074 | D:9      | Noticed Pikel
  5112 | D:9      | Killed Pikel
  5324 | D:10     | Entered Level 10 of the Dungeon
  5521 | D:10     | Reached skill level 10 in Invocations
  5632 | D:10     | Found an iron altar of Okawaru.
  5697 | D:10     | Noticed a two-headed ogre
  5710 | D:10     | Killed a two-headed ogre
  5719 | D:10     | You fall into a shaft and drop 3 floors!
  5719 | D:13     | Noticed Jorgrun
  5754 | D:13     | Killed Jorgrun
  6008 | D:13     | Noticed a boulder beetle
  6060 | D:13     | Killed a boulder beetle
  6113 | D:13     | Noticed Urug
  6130 | D:13     | Killed Urug
  6130 | D:13     | Reached XP level 13. HP: 79/124 MP: 7/7
  6231 | D:12     | Noticed Erolcha
  6238 | D:12     | Killed Erolcha
  6327 | D:12     | Found Pufrabodgh's Gadget Boutique.
  6354 | D:12     | Found Eneg Pism's Jewellery Shop.
  6564 | D:12     | Found Jonliyh's Magic Scroll Shop.
  6592 | D:12     | Found a staircase to the Orcish Mines.
  6596 | D:12     | Found Jysm's Distillery.
  6754 | D:12     | Found Noefeac's Jewellery Emporium.
  6942 | D:11     | Reached ****** piety under Makhleb
  7099 | D:11     | Reached skill level 15 in Axes
  7420 | D:11     | Found a portal to a secret trove of treasure.
  7916 | D:4      | Bought a fine plate armour for 644 gold pieces
  7926 | D:4      | Identified the +1 plate armour "Ixkis" {Str+6 SInv} (You
                  | bought it in a shop on level 4 of the Dungeon)
  7950 | D:5      | Quit the game

Illustrated notes

Levels and vault maps discovered:
D:1:      nicolae_arrival_washed_ashore, layout_loops_cross, serial_forest,
          infiniplex_forest_corner_2, infiniplex_forest_diagonal,
          infiniplex_forest_zigzag_2, infiniplex_forest_corner_1,
          infiniplex_forest_clump_tiny, infiniplex_forest_clump_small,
          infiniplex_forest_clump_double, infiniplex_forest_lined_2
D:2:      layout_loops_ring
D:3:      layout_basic, kennysheep_slug_shrine, uniq_terence
D:4:      layout_rooms, minmay_temple_entry_proselytizer, serial_shops, shop,
          shop, uniq_sigmund
D:5:      minmay_goblin_kobold_castle, layout_loops_ring, serial_shops, shop,
          shop, shop, kennysheep_mini
D:6:      layout_basic
D:7:      layout_basic, enter_bailey_2, hangedman_decor_growths
D:8:      layout_gridville, due_lair_maze_entry_diamond
D:9:      layout_rooms, sword_in_stone, uniq_joseph, uniq_pikel
D:10:     layout_rooms, basic_altar, minivault_16
D:11:     wad_guarded_room, layout_basic, nicolae_trove_entry_diagonal
D:12:     layout_cave_pods, orc_0_dummy, serial_shops, shop, shop,
          kennysheep_mini_moat, nicolae_shop_crystal, shop, serial_column_ruins,
          column_ruins_grid_3, column_ruins_open_tiny, column_ruins_open_small,
          column_ruins_corridor_straight, column_ruins_corridor_corner,
          uniq_erolcha
D:13:     layout_long_grid, david_vaults_3, uniq_urug, uniq_jorgrun
Temple:   compressed_dpeg_circular_temple

Skill      XL: |  1  2  3  4  5  6  7  8  9 10 11 12 13 |
---------------+----------------------------------------+-----
Axes           | 3 4 5 6 7 13 14 15 | 15.2
Fighting       | 3 4 5 9 10 | 10.8
Armour         | 4 5 6 7 8 9 |  9.0
Shields        | 4 5 6 7 8 9 |  9.0
Invocations    | 3 6 8 11 12 | 12.3

Action                   |  1- 3 |  4- 6 |  7- 9 | 10-12 | 13-15 || total
-------------------------+-------+-------+-------+-------+-------++-------
Melee: War axe           |    97 |    93 |   391 |   569 |       ||  1150
       Unarmed           |       |       |       |    36 |       ||    36
       Broad axe         |       |       |       |       |   198 ||   198
Invok: Lesser Servant of |       |       |     1 |     3 |     2 ||     6
 Abil: Heal Wounds       |     3 |     4 |    16 |    16 |    14 ||    53
Evoke: Wand              |       |       |       |       |     3 ||     3
  Use: Scroll            |       |       |    12 |     8 |     2 ||    22
       Potion            |       |       |     5 |     1 |       ||     6
 Stab: Distracted        |       |       |       |     2 |       ||     2
Armor: Scale mail        |    49 |    59 |       |       |       ||   108
       Chain mail        |       |    14 |   237 |       |       ||   251
       Plate armour      |       |       |       |   424 |   181 ||   605
Dodge: Dodged            |    28 |    40 |   160 |   135 |    66 ||   429
Block: Kite shield       |    44 |    52 |   310 |   413 |   142 ||   961

Table legend: (Time is in decaauts)
 A = Elapsed time spent in this place.
 B = Non-inter-level travel time spent in this place.
 C = Inter-level travel time spent in this place.
 D = Time resting spent in this place.
 E = Time spent auto-exploring this place.
 F = Levels seen in this place.
 G = Mean time per level.
                   A        B        C        D        E       F      G
               +--------+--------+--------+--------+--------+-----+--------+
         Total |   8012 |   7600 |    412 |     18 |   5016 |  15 |  534.1 |
       Dungeon |   7683 |   7281 |    402 |     18 |   4935 |  13 |  591.0 |
        Temple |     58 |     48 |     10 |      0 |     45 |   1 |   58.0 |
        Bailey |    270 |    270 |      0 |      0 |     36 |   1 |  270.0 |
               +--------+--------+--------+--------+--------+-----+--------+

Top non-repeatable levels by time:
     D:5: 1108 daAuts
    D:11: 882 daAuts
     D:8: 754 daAuts
    D:12: 734 daAuts
     D:4: 672 daAuts
     D:7: 668 daAuts
     D:9: 657 daAuts
     D:6: 531 daAuts
     D:1: 458 daAuts
    D:13: 430 daAuts
    D:10: 377 daAuts
  Bailey: 270 daAuts
     D:3: 266 daAuts
     D:2: 139 daAuts
  Temple: 58 daAuts
